 Dungeon Crawl Stone Soup version 0.25-a0-578-gc91f01c (webtiles) character file.

Game seed: 1040868336942968711, levelgen mode: deterministic

163 15 the Firebug (level 5, 23/36 HPs)
             Began as a Demonspawn Fire Elementalist on Mar 3, 2020.
             Quit the game on level 3 of the Dungeon.
             The game lasted 00:09:39 (2540 turns).

15 the Firebug (Demonspawn Fire Elementalist)       Turns: 2540, Time: 00:09:39

Health: 23/36      AC:  2    Str:  9    XL:     5   Next: 20%
Magic:  4/10       EV: 14    Int: 16    God:
Gold:   178        SH:  0    Dex: 14    Spells: 9/10 levels left

rFire    . . .     SeeInvis .   e - +0 dagger
rCold    . . .     Gourm    .   (no shield)
rNeg     . . .     Faith    .   a - +0 robe
rPois    .         Spirit   .   (no helmet)
rElec    .         Reflect  .   b - scarf {repulsion}
rCorr    .         Harm     .   (no gloves)
MR       .....                  (no boots)
Stlth    ++........             (no amulet)
HPRegen  0.12/turn              g - +2 ring of evasion
MPRegen  0.12/turn              (no ring)

@: repel missiles
A: claws 2, talons 1
a: no special abilities


You were on level 3 of the Dungeon.
You were not hungry.

You visited 1 branch of the dungeon, and saw 3 of its levels.

You collected 178 gold pieces.

Inventory:

Hand Weapons
 e - a +0 dagger (weapon)
Armour
 a - a +0 robe (worn)
 b - a scarf of repulsion (worn)
Jewellery
 g - a +2 ring of evasion (left claw)
Wands
 o - a wand of polymorph (9)
 p - a wand of clouds (3)
Scrolls
 d - a scroll of enchant weapon {unknown}
 f - a scroll of immolation
 m - a scroll of teleportation {unknown}
Potions
 i - a potion of stabbing {unknown}
 j - 2 potions of flight
 k - 2 potions of berserk rage
 l - 3 potions of curing
 n - 2 potions of resistance {unknown}
Comestibles
 c - 4 rations
 h - 10 chunks of flesh


   Skills:
 + Level 0.3 Fighting
 + Level 0.3 Short Blades
 + Level 1.9 Dodging
 + Level 2.1 Stealth
 + Level 0.1 Unarmed Combat
 + Level 3.3 Spellcasting
 + Level 2.2 Conjurations
 + Level 3.7 Fire Magic


You had 9 spell levels left.
You knew the following spells:

 Your Spells              Type           Power        Failure   Level  Hunger
a - Foxfire               Conj/Fire      ##..         5%          1    None

Your spell library contained the following spells:

 Spells                   Type           Power        Failure   Level  Hunger
 Conjure Flame            Conj/Fire      ##......     16%         3    ###....
 Inner Flame              Hex/Fire       #.......     26%         3    ###....
 Sticky Flame             Conj/Fire      ##......     45%         4    ####...
 Fireball                 Conj/Fire      ##........   82%         5    ######.


Dungeon Overview and Level Annotations

Branches:
Dungeon (3/15)

Altars:
Okawaru


Innate Abilities, Weirdness & Mutations

You have very sharp fingernails.
You have sharp toenails.


Message History

Confirm with . or Enter, or press ? or * to list all spells.
You conjure some foxfire!
The foxfire hits the worm.
You kill the worm!
You see here a worm corpse.
Things that are here:
a +0 whip; a +0 leather armour Your foxfire dissipates!
You see here a worm corpse.
You butcher the worm corpse.
h - 10 chunks of flesh (gained 1)
Things that are here:
a +0 whip; a +0 leather armour There isn't anything to butcher here.
Found 27 stones.
An orc comes into view.
It is wielding a +1 flail of protection.
The orc shouts!
Casting: Foxfire (safe; 5% risk of failure)
Confirm with . or Enter, or press ? or * to list all spells.
You conjure some foxfire!
Are you sure you want to abandon this character and quit the game? (Confirm with "yes".)

#.#....## # #.#######
#.#...## #.
#.#§###........ .....##
#..##. ....#######
#.##.# # #..#..# ##..##
# #.##.#
#.#....#.###.#..# # #.#
.# #.#...#.#.#.#.#.#####
####..(..##.#.#.##......
.....%.#v# #.⌠.###..####
#..@.##.#[#.##..#
###v.#.#.#)#.#..#
##..#.###.#...#
##..#####.)..#
##.........##
####.....## #######


There were no monsters in sight!

Vanquished Creatures
  Jessica (D:2)
  5 adders
  6 worms
  A dart slug (D:1)
  4 leopard geckos
  5 orcs (D:3)
  4 bats
  3 giant cockroaches
  8 goblins
  7 hobgoblins
  2 quokkas
  9 frilled lizards
  4 kobolds
  8 rats
67 creatures vanquished.

Vanquished Creatures (others)
  166 foxfires
166 creatures vanquished.

Grand Total: 233 creatures vanquished

Notes
Turn   | Place    | Note
-------+----------+-------------------------------------------
     0 | D:1      | 15 the Demonspawn Fire Elementalist began the quest for the
                  | Orb.
     0 | D:1      | Reached XP level 1. HP: 13/13 MP: 3/3
   397 | D:1      | Gained mutation: You have sharp fingernails. [demonic
                  | ancestry]
   397 | D:1      | Reached XP level 2. HP: 17/19 MP: 1/5
   671 | D:2      | Found an iron altar of Okawaru.
  1096 | D:2      | Reached XP level 3. HP: 24/24 MP: 2/6
  1466 | D:2      | Noticed Jessica
  1485 | D:2      | Killed Jessica
  1485 | D:2      | Gained mutation: You have sharp toenails. [demonic
                  | ancestry]
  1485 | D:2      | Reached XP level 4. HP: 28/30 MP: 0/8
  2385 | D:3      | Gained mutation: You have very sharp fingernails. [demonic
                  | ancestry]
  2385 | D:3      | Reached XP level 5. HP: 36/36 MP: 6/9
  2540 | D:3      | Quit the game

Levels and vault maps discovered:
D:1:      scummos_arrival_hexagon, layout_basic
D:2:      layout_loops_cross, okawaru_ov_weapons_minmay,
          minmay_misc_feat_diagonals, minmay_lizard_king, uniq_jessica
D:3:      layout_loops_ring, marbit_many_paths, cheibrodos_sewer_entry_bend,
          minmay_circle_x

Skill      XL: |  1  2  3  4 |
---------------+-------------+-----
Fire Magic     | 3 |  3.7
Conjurations   | 2 |  2.2
Stealth        | 2 |  2.1
Spellcasting   | 3 |  3.3
Fighting       | |  0.3
Short Blades   | |  0.3
Dodging        | |  1.9
Unarmed Combat | |  0.1

Action                   |  1- 3 |  4- 6 || total
-------------------------+-------+-------++-------
Melee: Unarmed           |    13 |       ||    13
       Dagger            |    14 |    67 ||    81
       Kick              |       |     8 ||     8
 Cast: Foxfire           |    56 |    74 ||   130
  Use: Scroll            |     7 |     2 ||     9
       Potion            |     1 |       ||     1
 Stab: Sleeping          |       |     1 ||     1
  Eat: Chunk             |     2 |     4 ||     6
Armor: Robe              |    10 |     8 ||    18
Dodge: Dodged            |    24 |    50 ||    74
       Deflected         |     2 |       ||     2

Table legend:
 A = Non-vault XP
 B = Vault XP
 C = Vault XP percentage of total XP
 D = Non-vault monster count
 E = Vault monster count
 F = Vault count percentage of total count
                 A         B        C        D         E       F
            +---------+---------+-------+---------+---------+-------
      Total |     169 |      65 |  27.8 |      55 |      12 |  17.9
            +---------+---------+-------+---------+---------+-------
        D:1 |      20 |       0 |   0.0 |      12 |       0 |   0.0
        D:2 |      64 |      46 |  41.8 |      21 |       8 |  27.6
        D:3 |      85 |      19 |  18.3 |      22 |       4 |  15.4
            +---------+---------+-------+---------+---------+-------
